 Dungeon Crawl Stone Soup version 0.22.0-81-g402daae900 (webtiles) character file.

51 Tragedian the Magician (level 3, -1/21 HPs)
             Began as an Octopode Wizard on Sept 17, 2018.
             Slain by an orc
             ... wielding a +2 short sword of draining
              (2 damage)
             ... on level 2 of the Dungeon.
             The game lasted 00:21:51 (1439 turns).

Tragedian the Magician (Octopode Wizard)            Turns: 1439, Time: 00:21:52

Health: -1/21      AC:  1    Str:  6    XL:     3   Next: 83%
Magic:  1/8        EV: 13    Int: 21    God:
Gold:   40         SH:  0    Dex: 10    Spells: 4/9 levels left

rFire    . . .     SeeInvis .   d - +0 short sword
rCold    . . .     Gourm    .   (no shield)
rNeg     . . .     Faith    .   a - +0 hat
rPois    .         Spirit   .   (no amulet)
rElec    .         Reflect  .   (no ring)
rCorr    .         Harm     .   (no ring)
MR       .....                  (no ring)
Stlth    +++.......             (no ring)
HPRegen  0.07/turn              (no ring)
MPRegen  0.11/turn              (no ring)
                                (no ring)
                                (no ring)

@: drained
A: almost no armour, stealthy swim, amphibious, 8 rings, constrict 8, camouflage
1, gelatinous body 1
a: no special abilities


You were on level 2 of the Dungeon.
You were not hungry.

You visited 1 branch of the dungeon, and saw 2 of its levels.

You collected 40 gold pieces.

Inventory:

Hand Weapons
 d - a +0 short sword (weapon)
Armour
 a - a +0 hat (worn)
Jewellery
 c - an uncursed ring of protection from fire {unknown}
Scrolls
 e - a scroll of amnesia {unknown}
 h - a scroll of remove curse {unknown}
 j - a scroll of teleportation {unknown}
 k - a scroll of identify {unknown}
Potions
 f - a potion of curing {unknown}
 g - a potion of ambrosia {unknown}
 i - 2 potions of might {unknown}
Comestibles
 b - 6 chunks of flesh


   Skills:
   Level 0.2(0.0) Maces & Flails
 + Level 2.4(1.9) Dodging
 + Level 3.0(2.4) Stealth
 + Level 3.7(3.2) Spellcasting
 + Level 1.2(0.7) Conjurations
 + Level 1.4(0.8) Summonings
 + Level 1.0(0.5) Translocations


You had 4 spell levels left.
You knew the following spells:

 Your Spells              Type           Power        Failure   Level  Hunger
a - Magic Dart            Conj           #...         10%         1    None
b - Call Imp              Summ           #.......     14%         2    ##.....
c - Blink                 Tloc           N/A          16%         2    ##.....

Your spell library contained the following spells:

 Spells                   Type           Power        Failure   Level  Hunger
 Corona                   Hex            #......      13%         1    None
 Ensorcelled Hibernation  Hex/Ice        #.....       21%         2    ##.....
 Slow                     Hex            #.......     21%         2    ##.....
 Conjure Flame            Conj/Fire      #.......     34%         3    ###....
 Dazzling Spray           Conj/Hex       #.....       34%         3    ###....
 Mephitic Cloud           Conj/Pois/Air  #.......     34%         3    ###....
 Confuse                  Hex            #.......     36%         3    ###....
 Tukima's Dance           Hex            #.......     36%         3    ###....


Dungeon Overview and Level Annotations

Branches:
Dungeon (2/15)

Altars:

Annotations:
D:2 Terence


Innate Abilities, Weirdness & Mutations

You cannot wear most types of armour.
You are very stealthy in the water. (Stealth+)
You are amphibious.
You can wear up to eight rings at the same time.
You can use your tentacles to constrict eight enemies at once.
Your skin changes colour to match your surroundings (Stealth+).
Your rubbery body absorbs attacks. (AC +1, EV +1)


Message History

Terence hits your crimson imp with a falchion!
Your crimson imp dies!
Your magical contamination has completely faded away.
Terence barely misses something.
Something barely misses your shadow imp.
Your shadow imp hits Terence but does no damage.
Terence barely misses your shadow imp. Something hits you.
You feel drained.
* * * LOW HITPOINT WARNING * * *
Your shadow imp hits Terence.
Terence barely misses your shadow imp.
Casting: Magic Dart (safe; 9% risk of failure)
Confirm with . or Enter, or press ? or * to list all spells.
You don't have enough magic to cast that spell.
Unknown command.
Casting: Magic Dart (safe; 9% risk of failure)
Confirm with . or Enter, or press ? or * to list all spells.
You don't have enough magic to cast that spell.
Something hits you.
* * * LOW HITPOINT WARNING * * *
You feel drained.
You die...

#.......#....#>.....
#............#.#.##.
#.....รท......#.#.##.
#............#.#..#.
#............#.#.##.
##.......######.#....
#....#+### #.#..#.
####...)#+######## #..##
#..'...@.....#...#
#.##.........+... ####
#....#'#.....#.# .....
####.#.####@...####.....
#.#....#.##..........
#.#......@...#......#
#.#................>.
#.####...#........#. #.#
#...####).......


You could see Terence.

Vanquished Creatures
  An adder (D:2)
  A dart slug (D:1)
  2 orcs
  A ball python (D:1)
  3 bats (D:1)
  3 goblins
  6 hobgoblins
  2 quokkas (D:2)
  3 frilled lizards (D:1)
  4 kobolds (D:1)
  2 rats
28 creatures vanquished.

Vanquished Creatures (collateral kills)
  An adder (D:2)
  An ooze (D:2)
  2 ball pythons (D:2)
  A frilled lizard (D:2)
  A kobold (D:2)
6 creatures vanquished.

Grand Total: 34 creatures vanquished

Notes
Turn   | Place    | Note
-------+----------+-------------------------------------------
     0 | D:1      | Tragedian the Octopode Wizard began the quest for the Orb.
     0 | D:1      | Reached XP level 1. HP: 11/11 MP: 4/4
   232 | D:1      | Reached XP level 2. HP: 16/17 MP: 4/6
   821 | D:2      | Reached XP level 3. HP: 21/21 MP: 6/8
   936 | D:1      | Learned a level 2 spell: Call Imp
   939 | D:1      | Learned a level 2 spell: Blink
  1409 | D:2      | Noticed Terence
  1439 | D:2      | HP: 1/21 [something (5)]
  1439 | D:2      | Slain by an orc

Skill      XL: |  1  2  3 |
---------------+----------+-----
Stealth        | 3 |  3.0
Maces & Flails | |  0.2
Dodging        | |  2.4
Spellcasting   | |  3.7
Conjurations   | |  1.2
Summonings     | |  1.4
Translocations | |  1.0

Action                   || total
-------------------------++-------
Melee: Whip              ||    17
       Constrict         ||     6
       Tentacles         ||     2
       Short sword       ||     8
 Cast: Magic Dart        ||    60
       Call Imp          ||    12
       Blink             ||     3
 Stab: Sleeping          ||     1
  Eat: Ration            ||     1
Armor: Skin              ||     7
Dodge: Dodged            ||    41
Block: Shield            ||     1
